 Dungeon Crawl Stone Soup version 0.19.0-11-g3fc08b3 (webtiles) character file.

4779 mistymad the Martial Artist (level 10, -1/96 HPs)
             Began as a Naga Transmuter on Nov 8, 2016.
             Slain by a yak (12 damage)
             ... on level 9 of the Dungeon.
             The game lasted 00:27:48 (11726 turns).

mistymad the Martial Artist (Naga Transmuter)      Turns: 11726, Time: 00:27:49

Health: -1/96      AC:  5    Str: 12    XL:     10   Next: 47%
Magic:  6/17       EV: 10    Int: 17    God:
Gold:   340        SH:  5    Dex: 12    Spells: 3 memorised, 9 levels left

rFire  + . .     SeeInvis +       - Unarmed
rCold  . . .     Gourm    .     b - +0 robe
rNeg   . . .     Faith    .     (shield currently unavailable)
rPois  +         Spirit   .     G - +0 helmet
rElec  .         Reflect  +     (no cloak)
rCorr  .         Harm     .     (gloves currently unavailable)
MR     +....                    (no barding)
Stlth  +.........               e - +5 amulet of reflection
                                m - ring of fire
                                l - ring of protection from cold

@: blade hands (expiring), very slow
A: see invisible, deformed body, poison resistance, slowness 2, slow metabolism
1, spit poison 1, AC +3
a: Spit Poison, End Transformation


You were on level 9 of the Dungeon.
You were very hungry.
You had blades for hands.
You visited 1 branch of the dungeon, and saw 9 of its levels.
You also visited: Ossuary.

You collected 486 gold pieces.
You spent 146 gold pieces at shops.

Inventory:

Missiles
 a - 116 arrows
Armour
 b - a +0 robe (worn)
 r - a +1 pair of gloves (melded)
 G - a +0 helmet (worn)
Jewellery
 e - a +5 amulet of reflection (around neck)
 l - a ring of protection from cold (left scythe-like blade)
 m - a ring of fire (right scythe-like blade)
 D - an uncursed ring of fire
 K - an uncursed ring of protection from cold
Wands
 s - a wand of flame (25/48)
 x - a wand of iceblast (3/15)
Scrolls
 f - 4 scrolls of teleportation
 i - a scroll of fog
 p - a scroll of amnesia
 y - 3 scrolls of remove curse
 B - a scroll of enchant armour
 C - 2 scrolls of magic mapping
 E - 2 scrolls of identify
Potions
 h - a potion of lignification
 k - a potion of berserk rage
 n - a potion of heal wounds
 o - 4 potions of brilliance
 q - a potion of curing
 t - 2 potions of magic
 u - 3 potions of agility
 v - 3 potions of flight {unknown}
 w - a potion of might
 z - 2 potions of invisibility {unknown}
 A - a potion of cancellation {unknown}
 F - 2 potions of ambrosia {unknown}
 J - a potion of haste {unknown}
Books
 c - a book of Changes

   Spells                             Type                      Level
   a - Beastly Appendage              Transmutation                1
   b - Sticks to Snakes               Transmutation                2
   c - Spider Form                    Transmutation/Poison         3
   d - Ice Form                       Ice/Transmutation            4
   e - Blade Hands                    Transmutation                5
Comestibles
 d - 9 bread rations
 g - 2 beef jerkies
 j - 8 meat rations
 H - 10 royal jellies


   Skills:
 + Level 7.8 Fighting
 - Level 1.5 Dodging
 + Level 8.9 Unarmed Combat
 - Level 5.3 Spellcasting
 + Level 8.6 Transmutations


You had 9 spell levels left.
You knew the following spells:

 Your Spells              Type           Power        Failure   Level  Hunger
b - Sticks to Snakes      Tmut           ####....     14%         2    #......
c - Spider Form           Tmut/Pois      ###.......   45%         3    ##.....
d - Blade Hands           Tmut           ####......   54%         5    ######.


Dungeon Overview and Level Annotations

Branches:
Dungeon (9/15)             Temple (0/1) D:7
   Lair: D:8-11         Orc: D:9-12

Altars:
Ashenzari
Cheibriados
Dithmenos
Fedhas
Gozag
Hepliaklqana
Makhleb
Nemelex Xobeh
Ru
Xom

Shops:
D:7 ==*   D:8 *}


Innate Abilities, Weirdness & Mutations

You cannot wear boots.
Your serpentine skin is tough. (AC +3)
You have supernaturally acute eyesight. (SInv)
Armour fits poorly on your strangely shaped body.
Your system is resistant to poisons. (rPois)
You cover ground very slowly.
You have a slow metabolism.
You can spit poison.


Message History

You hit the yak.
The yak is lightly wounded.
You block the yak's attack.
You slash the yak! Your slash misses the yak.
The yak is moderately wounded.
The yak gores you!
You take 6 damage, and have 29/96 hp.
You hit the yak.
The yak is heavily wounded.
The yak gores you!!
* * * LOW HITPOINT WARNING * * *
Your magical contamination has completely faded away.
You take 18 damage, and have 11/96 hp.
You slash the yak!
The yak is severely wounded.
Your transformation is almost over.
You hit the yak.
The yak is almost dead.
The yak gores you!
You die...

.# #[# #>###### #.#
.# #.# #.# #.# #.#
#.# #.# #.# #.# ####
#.# #.# #.. ..# #.#
#.# #.# #.# #.#
#.####.#######.###.#
#...........#...##.#
######@####...#....#
#Y# ###...#### #.#
##.## #.. ...# #..
##### ...# ##.# .#


You could see a yak.

Vanquished Creatures
  A hippogriff (D:8)
  5 yaks (D:9)
  A hungry ghost (D:7)
  A water moccasin (D:6)
  A black bear (D:8)
  3 orc warriors
  2 phantoms
  3 sky beasts
  An ogre (D:8)
  A centaur (D:8)
  A bullfrog (D:6)
  A wyvern zombie (D:8)
  4 water moccasin zombies (Ossuary)
  5 scorpions
  4 wights
  6 killer bees (D:8)
  3 howler monkeys
  A centaur zombie (D:8)
  2 crimson imps
  A bullfrog zombie (D:8)
  A bullfrog skeleton (D:6)
  5 hounds
  6 jellies
  2 orc priests
  5 orc wizards
  2 iguanas
  6 worker ants
  2 big kobold zombies (Ossuary)
  2 mummies (Ossuary)
  Robin (D:4)
  11 adders
  3 shadow imps (D:6)
  6 oozes
  2 adder skeletons
  4 adder zombies (Ossuary)
  3 worms (D:2)
  3 dart slugs
  8 leopard geckos
  19 orcs
  8 giant cockroaches
  7 hobgoblins
  14 jackals
  7 quokkas
  11 bats
  A frilled lizard (D:4)
  3 gnoll zombies (Ossuary)
  10 goblins
  4 hobgoblin zombies (Ossuary)
  A jackal skeleton (D:8)
  6 kobolds
  4 kobold zombies (Ossuary)
  A leopard gecko skeleton (D:5)
  6 orc zombies (Ossuary)
  A quokka zombie (D:6)
  23 rats
245 creatures vanquished.

Vanquished Creatures (collateral kills)
  Grinder (D:3)
  An orc warrior (D:6)
2 creatures vanquished.

Grand Total: 247 creatures vanquished

Notes
Turn   | Place    | Note
-------+----------+-------------------------------------------
     0 | D:1      | mistymad the Naga Transmuter began the quest for the Orb.
     0 | D:1      | Reached XP level 1. HP: 18/18 MP: 3/3
   124 | D:1      | Reached XP level 2. HP: 25/25 MP: 5/5
   863 | D:1      | Learned a level 2 spell: Sticks to Snakes
   871 | D:1      | Reached XP level 3. HP: 31/31 MP: 6/6
   876 | D:1      | Learned a level 3 spell: Spider Form
  1167 | D:2      | Found a faded altar of an unknown god.
  1396 | D:2      | Reached XP level 4. HP: 38/38 MP: 2/8
  2046 | D:3      | Noticed Grinder
  2173 | D:4      | Reached XP level 5. HP: 21/44 MP: 1/9
  2307 | D:4      | Found a burning altar of Makhleb.
  2368 | D:4      | Noticed a phantom
  2375 | D:4      | Reached XP level 6. HP: 33/51 MP: 2/11
  2595 | D:4      | Killed a phantom
  2677 | D:4      | Found a sand-covered staircase.
  2681 | Ossuary  | Entered an ossuary
  2800 | Ossuary  | Reached XP level 7. HP: 39/61 MP: 12/12
  3135 | Ossuary  | Reached skill level 5 in Unarmed Combat
  3885 | D:4      | Noticed Robin
  3901 | D:4      | Killed Robin
  3943 | D:4      | Found a shadowy altar of Dithmenos.
  4811 | D:3      | Paralysed by Grinder for 6 turns
  4812 | D:3      | Killed Grinder
  4812 | D:3      | Reached skill level 5 in Transmutations
  4812 | D:3      | Reached XP level 8. HP: 57/72 MP: 2/15
  5418 | D:5      | Entered Level 5 of the Dungeon
  5435 | D:5      | Learned a level 5 spell: Blade Hands
  5628 | D:5      | Found a shattered altar of Ashenzari.
  5727 | D:5      | Found a blossoming altar of Fedhas.
  6242 | D:5      | Reached skill level 5 in Spellcasting
  6904 | D:6      | Reached XP level 9. HP: 41/80 MP: 13/16
  6905 | D:6      | Reached skill level 5 in Fighting
  8141 | D:7      | Found a sacrificial altar of Ru.
  8289 | D:7      | Found a staircase to the Ecumenical Temple.
  8355 | D:7      | Found a snail-covered altar of Cheibriados.
  8632 | D:7      | Found Gidghe's Jewellery Shoppe.
  8640 | D:7      | Found Hoduv's Jewellery Shoppe.
  8806 | D:7      | Found Jacvyimp's Assorted Antiques.
  8814 | D:7      | Bought a scroll labeled WAODUI YZXOTI for 22 gold pieces
  8814 | D:7      | Bought a scroll labeled FUIDIL QUFF for 22 gold pieces
  8814 | D:7      | Bought a lumpy ruby potion for 19 gold pieces
  8814 | D:7      | Bought a silvery potion for 19 gold pieces
  8823 | D:7      | Bought an inky potion for 19 gold pieces
  9316 | D:8      | Found Latwed's Changing Room.
  9328 | D:8      | Bought a potion of lignification for 45 gold pieces
 10063 | D:8      | Found Uqykh's Gadget Shoppe.
 10188 | D:8      | Found an opulent altar of Gozag.
 10213 | D:8      | Reached XP level 10. HP: 81/92 MP: 13/17
 10646 | D:8      | Found a sparkling altar of Nemelex Xobeh.
 11531 | D:9      | Found a shimmering altar of Xom.
 11532 | D:9      | Found a hazy altar of Hepliaklqana.
 11532 | D:9      | Noticed a torpor snail
 11533 | D:9      | Noticed a spectral ugly thing
 11533 | D:9      | Noticed a torpor snail
 11726 | D:9      | Slain by a yak

Skill      XL: |  1  2  3  4  5  6  7  8  9 10 |
---------------+-------------------------------+-----
Transmutations | 3 4 5 6 7 8 |  8.6
Unarmed Combat | 4 5 6 8 |  8.9
Spellcasting   | 3 4 5 |  5.3
Fighting       | 2 3 4 6 7 |  7.8
Dodging        | |  1.5

Action                   |  1- 3 |  4- 6 |  7- 9 | 10-12 || total
-------------------------+-------+-------+-------+-------++-------
Melee: Unarmed           |   114 |   160 |   653 |   146 ||  1073
       Punch             |     1 |     1 |     6 |     6 ||    14
 Cast: Spider Form       |     5 |     9 |    40 |       ||    54
       Beastly Appendage |     1 |     1 |       |       ||     2
       Sticks to Snakes  |       |       |    10 |       ||    10
       Blade Hands       |       |       |       |     7 ||     7
 Abil: Spit Poison       |    15 |     8 |     7 |       ||    30
  Use: Scroll            |       |     1 |    21 |       ||    22
 Stab: Sleeping          |       |     1 |       |     1 ||     2
  Eat: Chunk             |     2 |     5 |    13 |     6 ||    26
       Meat ration       |       |       |     2 |       ||     2
       Beef jerky        |       |       |     1 |       ||     1
       Pizza             |       |       |     2 |       ||     2
       Fruit             |       |       |     1 |       ||     1
Armor: Robe              |    24 |    19 |    79 |    30 ||   152
       Skin              |     1 |     3 |    17 |       ||    21
Dodge: Dodged            |    61 |    84 |   386 |    49 ||   580
Block: Other             |    32 |    43 |   128 |    27 ||   230
       Reflection        |       |     1 |     1 |     1 ||     3
